 Dungeon Crawl Stone Soup version 0.17.0-28-g6e173f8 (webtiles) character file.

2655 R18 the Carver (level 9, -8/63 HPs)
             Began as a Demonspawn Chaos Knight on Nov 30, 2015.
             Mangled by a skeletal warrior
             ... wielding a +0 battleaxe
              (17 damage)
             ... on level 6 of the Dungeon.
             The game lasted 00:20:30 (7509 turns).

R18 the Carver (Demonspawn Chaos Knight)            Turns: 7509, Time: 00:20:31

Health: -8/63      AC: 11    Str: 17      XL:     9   Next: 36%
Magic:  12/12      EV: 11    Int: 17      God:    Xom [......]
Gold:   318        SH:  0    Dex: 11 (13) Spells: 2 memorised, 9 levels left

rFire  . . .     SeeInvis .     a - +2 long sword
rCold  . . .     Clarity  .     p - +2 leather armour
rNeg   . . .     SustAt   .     (no shield)
rPois  .         Gourm    .     (helmet restricted)
rElec  .         Spirit   .     v - +1 cloak
rCorr  .         Warding  .     A - +1 pair of gloves
rMut   .         Stasis   .     j - +0 pair of boots
MR     +....                    n - amulet of faith
Stlth  +.........               (no ring)
                                h - ring of protection from magic

@: mighty, very slightly contaminated, hasted, very quick, somewhat resistant to
hostile enchantments, very unstealthy
A: horns 1, talons 2, demonic guardian 1, foul stench 1, evolution 1, rot
immunity
a: Renounce Religion


You were on level 6 of the Dungeon.
You worshipped Xom.
You were a very special plaything of Xom.
You were not hungry.

You visited 1 branch of the dungeon, and saw 6 of its levels.
You also visited: Sewer.

You collected 318 gold pieces.

Inventory:

Hand Weapons
 a - a +2 long sword (weapon)
 b - a +0 hunting sling
 u - a +2 quarterstaff of chaos
 F - a +1 falchion of chaos
Missiles
 i - 2 javelins (quivered)
 q - 13 sling bullets of flame
Armour
 j - a +0 pair of boots (worn)
 p - a +2 leather armour (worn)
 v - a +1 cloak (worn)
 A - a +1 pair of gloves (worn)
 L - a +0 shield
Jewellery
 h - a ring of protection from magic (left hand)
 n - an amulet of faith (around neck)
 E - a cursed -2 ring of intelligence
 P - a cursed ring of positive energy {unknown}
Wands
 H - a wand of lightning (4)
 I - a wand of frost (17)
 K - a wand of heal wounds (1)
Scrolls
 f - 3 scrolls of teleportation
 k - a scroll of magic mapping
 l - a scroll of fear
 N - a scroll of identify
Potions
 e - a potion of curing
 g - a potion of haste
 o - a potion of might
 r - a potion of heal wounds
 t - 2 potions of cancellation
 x - a potion of flight
 B - a potion of ambrosia
 C - 2 potions of magic {unknown}
 D - a potion of degeneration
 J - a potion of resistance {unknown}
Books
 d - a book of Burglary

   Spells                             Type                      Level
   a - Swiftness                      Charms/Air                   2
   b - Passwall                       Transmutation/Earth          3
   c - Passage of Golubria            Translocation                4
   d - Lee's Rapid Deconstruction     Earth                        5
   e - Darkness                       Hexes                        6
   f - Invisibility                   Hexes                        6
 m - a book of Frost

   Spells                             Type                      Level
   a - Freeze                         Ice                          1
   b - Throw Frost                    Conjuration/Ice              2
   c - Ozocubu's Armour               Charms/Ice                   3
   d - Throw Icicle                   Conjuration/Ice              4
   e - Summon Ice Beast               Ice/Summoning                4
   f - Condensation Shield            Ice                          4
 y - a book of Hinderance

   Spells                             Type                      Level
   a - Confusing Touch                Hexes                        2
   b - Confuse                        Hexes                        3
   c - Gell's Gravitas                Hexes/Translocation          3
   d - Petrify                        Transmutation/Earth          4
   e - Metabolic Englaciation         Hexes/Ice                    5
 M - a Grand Grimoire

   Spells                             Type                      Level
   a - Monstrous Menagerie            Summoning                    6
   b - Summon Greater Demon           Summoning                    7
   c - Malign Gateway                 Summoning/Translocation      7
   d - Summon Horrible Things         Summoning                    8
Comestibles
 c - 4 bread rations
 s - 2 slices of pizza
 w - a meat ration
 z - a beef jerky
 G - a royal jelly


   Skills:
 - Level 3.0 Fighting
 * Level 10.0 Long Blades
 - Level 6.5 Armour
 - Level 0.8 Dodging
 + Level 2.3 Spellcasting


You had 9 spell levels left.
You knew the following spells:

 Your Spells              Type           Power        Failure   Level  Hunger
a - Swiftness             Chrm/Air       #.......     34%         2    ###....
b - Freeze                Ice            #...         24%         1    #......


Dungeon Overview and Level Annotations

Branches:
Dungeon (6/15)             Temple (0/1) D:6

Altars:
Kikubaaqudgha
Okawaru
Xom


Innate Abilities, Weirdness & Mutations

You have razor-sharp toenails.
A weak demonic guardian rushes to your aid.
You may emit foul miasma when damaged in melee.
You are immune to rotting.
You have a pair of small horns on your head.
You evolve.


Message History

a dagger; a robe; an orc skeleton Your quasit disappears in a puff of smoke!
All of the chunks of flesh in your inventory have rotted away.
Drink which item? (? for menu, Esc to quit)
You feel yourself speed up.
You are very lightly contaminated with residual magic.
Drink which item? (? for menu, Esc to quit)
You feel very mighty all of a sudden. "This might be better!"
Your ufetubus looks momentarily different.
The area is suffused with divine lightning!
The blast of lightning engulfs you!
Ouch! That really hurt!
* * * LOW HITPOINT WARNING * * *
The blast of lightning engulfs the skeletal warrior.
The blast of lightning engulfs your ufetubus.
Your ufetubus dies!
The skeletal warrior hits you with a battleaxe!
You die...
Xom roars with laughter!

########..#...# ###
..........'.#.# ...
..........#)..# #.
..........#.#.# #.
.........##(..# #.
........z##(### #.
.........##(..# ###.
.......5.##z#.# #...
.........##@.)# #...
.........##.#.# #...
.........##...# #...
.........##)#.# ########...
.........##...####..........
.........'#)###..+..........
#.......#..........
#>......#..........
#######'##..........


You could see a skeletal warrior.

Vanquished Creatures
  A harpy (shapeshifter) (D:4)
  A troll (D:6)
  Sigmund (D:3)
  A hungry ghost (D:4)
  2 ice beasts
  An ogre (D:4)
  A phantom (D:5)
  A centaur (D:5)
  A giant frog (D:5)
  2 big kobolds (Sewer)
  2 scorpions
  A killer bee (D:6)
  A crimson imp (D:6)
  A quasit (D:6)
  A giant frog skeleton (D:5)
  A jelly (shapeshifter) (D:2)
  5 orc wizards
  Crazy Yiuf (D:2)
  2 hounds
  2 jellies
  4 orc priests
  An iguana (D:4)
  Natasha (thrice) (D:2)
  3 worker ants
  A sheep (D:5)
  A hound skeleton (D:4)
  A hound zombie (D:5)
  2 gnolls (D:2)
  12 adders
  3 river rats (Sewer)
  An ooze (Sewer)
  An adder zombie (D:5)
  3 worms
  An adder skeleton (D:4)
  3 giant geckos
  18 orcs
  4 ball pythons
  7 giant cockroaches
  11 goblins
  A hobgoblin (shapeshifter) (D:4)
  10 hobgoblins
  11 jackals
  21 kobolds
  2 quokkas
  7 bats
  10 giant newts
  A quokka zombie (D:6)
  28 rats
200 creatures vanquished.

Vanquished Creatures (collateral kills)
  A water moccasin (D:5)
  A jelly (D:5)
  3 orcs
5 creatures vanquished.

Vanquished Creatures (others)
  A giant frog (D:6)
  An orc (D:5)
2 creatures vanquished.

Grand Total: 207 creatures vanquished

Notes
Turn   | Place    | Note
--------------------------------------------------------------
     0 | D:1      | R18 the Demonspawn Chaos Knight began the quest for the Orb.
     0 | D:1      | Reached XP level 1. HP: 18/18 MP: 1/1
   316 | D:1      | Gained mutation: You have sharp toenails. [demonic ancestry]
   316 | D:1      | Reached XP level 2. HP: 22/24 MP: 2/2
   660 | D:1      | XOM: colour smoke trail
  1009 | D:2      | Noticed Natasha
  1012 | D:2      | XOM: potion effect (heal wounds)
  1017 | D:2      | Killed Natasha
  1017 | D:2      | Gained mutation: You are immune to rotting. [demonic ancestry]
  1017 | D:2      | Reached XP level 3. HP: 10/29 MP: 3/3
  1128 | D:2      | Noticed Natasha
  1241 | D:2      | XOM: cast spell 'Spider Form'
  1258 | D:2      | Killed Natasha
  1275 | D:2      | Found an ancient bone altar of Kikubaaqudgha.
  1276 | D:2      | Noticed Natasha
  1284 | D:2      | Killed Natasha
  1342 | D:2      | Your ally Natasha died
  1353 | D:2      | Gained mutation: You may emit foul miasma when damaged in melee. [demonic ancestry]
  1353 | D:2      | Reached XP level 4. HP: 27/35 MP: 4/4
  1361 | D:2      | Reached skill level 4 in Long Blades
  1491 | D:2      | XOM: divination: magic mapping
  1808 | D:2      | XOM: harmless Divn miscast
  2006 | D:2      | Noticed Crazy Yiuf
  2021 | D:2      | Killed Crazy Yiuf
  2021 | D:2      | Reached XP level 5. HP: 33/41 MP: 5/5
  2139 | D:2      | XOM: smoke on damage
  2356 | D:2      | Found a shimmering altar of Xom.
  2624 | D:3      | Found a glowing drain.
  2649 | Sewer    | Entered a sewer
  2744 | Sewer    | XOM: summons 2 hostile demons
  2826 | Sewer    | XOM: enchant monster (bad)
  2827 | Sewer    | XOM: fake destruction
  2928 | Sewer    | Reached skill level 5 in Long Blades
  2939 | Sewer    | XOM: smoke on damage
  2996 | Sewer    | XOM: vitrification
  3034 | Sewer    | XOM: cast spell 'Summon Small Mammal'
  3039 | Sewer    | Reached XP level 6. HP: 16/47 MP: 6/6
  3056 | Sewer    | XOM: 3-stop teleportation journey
  3273 | Sewer    | XOM: snakes to sticks
  3501 | Sewer    | XOM: god gift: metal-bound book {god gift}
  3775 | D:3      | XOM: vitrification
  3964 | D:3      | Noticed Sigmund
  3981 | D:3      | XOM: summons friendly quasit
  3989 | D:3      | Killed Sigmund
  3989 | D:3      | Reached skill level 6 in Long Blades
  3989 | D:3      | Reached XP level 7. HP: 26/52 MP: 7/7
  4061 | D:3      | XOM: give mutation
  4061 | D:3      | Gained mutation: You have razor-sharp toenails. [Xom's grace]
  4715 | D:4      | XOM: god gift: scroll of enchant armour
  4719 | D:4      | Reached skill level 5 in Armour
  4995 | D:4      | XOM: confuse monster(s)
  5000 | D:4      | Reached skill level 7 in Long Blades
  5014 | D:4      | XOM: chaos cloud
  5015 | D:4      | XOM: noise
  5025 | D:4      | Noticed a fire bat
  5025 | D:4      | a swamp drake changed into a fire bat
  5026 | D:4      | a fire bat changed into a crocodile
  5036 | D:4      | Gained mutation: A weak demonic guardian rushes to your aid. [demonic ancestry]
  5036 | D:4      | Reached XP level 8. HP: 43/58 MP: 8/8
  5038 | D:4      | Noticed a harpy
  5038 | D:4      | a soldier ant changed into a harpy
  5044 | D:4      | XOM: mild Summ miscast
  5044 | D:4      | Killed a harpy
  5044 | D:4      | Reached skill level 8 in Long Blades
  5280 | D:4      | XOM: noise
  5501 | D:5      | Entered Level 5 of the Dungeon
  5568 | D:5      | XOM: polymorph scorpion -> sheep
  5707 | D:5      | XOM: confuse monster(s)
  5834 | D:5      | XOM: medium Air miscast
  5882 | D:5      | XOM: summons 7 friendly demons
  5947 | D:5      | XOM: confuse monster(s)
  6086 | D:5      | XOM: 4-stop teleportation journey
  6089 | D:5      | XOM: blink monster(s)
  6104 | D:5      | Reached skill level 9 in Long Blades
  6123 | D:5      | XOM: noise
  6331 | D:5      | XOM: god gift: long glass wand {god gift}
  6355 | D:5      | Reached XP level 9. HP: 39/63 MP: 9/9
  6359 | D:5      | XOM: give mutations
  6359 | D:5      | Gained mutation: You evolve. [Xom's grace]
  6359 | D:5      | Gained mutation: You have a pair of small horns on your head. [Xom's grace]
  6437 | D:5      | Learned a level 2 spell: Swiftness
  6439 | D:5      | Learned a level 1 spell: Freeze
  6548 | D:5      | XOM: enchant monster (bad)
  6935 | D:6      | Found an iron altar of Okawaru.
  7105 | D:6      | Reached skill level 1 in Spellcasting
  7131 | D:6      | Found a staircase to the Ecumenical Temple.
  7145 | D:6      | XOM: confusion (+ monsters)
  7207 | D:6      | XOM: silly message
  7224 | D:6      | XOM: confusion
  7238 | D:6      | XOM: noise
  7363 | D:6      | Reached skill level 10 in Long Blades
  7478 | D:6      | XOM: silly message
  7490 | D:6      | Noticed a skeletal warrior
  7490 | D:6      | XOM: harmless Pois miscast
  7508 | D:6      | XOM: polymorph ufetubus -> ufetubus
  7509 | D:6      | XOM: divine lightning
  7509 | D:6      | Mangled by a skeletal warrior

Action                   |  1- 3 |  4- 6 |  7- 9 || total
-------------------------+-------+-------+-------++-------
Melee: Falchion          |    74 |   327 |   190 ||   591
       Unarmed           |     5 |       |       ||     5
       Long sword        |       |       |   185 ||   185
 Fire: Hunting sling     |       |       |     7 ||     7
 Cast: Freeze            |       |       |     1 ||     1
Evoke: Wand              |       |       |     1 ||     1
  Use: Scroll            |       |    11 |     9 ||    20
       Potion            |       |     8 |     7 ||    15
 Stab: Paralysed         |     1 |     1 |     2 ||     4
       Petrifying        |       |     3 |     1 ||     4
       Distracted        |       |     1 |     1 ||     2
       Confused          |       |       |     2 ||     2
       Sleeping          |       |       |     2 ||     2
  Eat: Chunk             |     1 |     8 |    13 ||    22
       Pizza             |       |     1 |       ||     1
       Bread ration      |       |       |     2 ||     2
